 Dungeon Crawl Stone Soup version 0.30-a0-737-gf23d94013f (webtiles) character file.

Game seed: 10469854064096905708

76 pascalblue the Chopper (level 4, -9/40 HPs)
             Began as a Hill Orc Fighter on Feb 1, 2023.
             Mangled by a gnoll
             ... wielding a +0 halberd
              (13 damage)
             ... on level 3 of the Dungeon.
             The game lasted 00:04:59 (1913 turns).

pascalblue the Chopper (Hill Orc Fighter)           Turns: 1913, Time: 00:05:00

Health: -9/40      AC:  8    Str: 20    XL:     4   Next: 32%
Magic:  4/4        EV:  9    Int:  8    God:
Gold:   109        SH:  4    Dex: 10    Spells: 3/3 levels left

rFire   . . .      SeeInvis .    a - +0 war axe
rCold   . . .      Faith    .    c - +0 buckler
rNeg    . . .      Spirit   .    b - +0 scale mail
rPois   .          Reflect  .    (no helmet)
rElec   .          Harm     .    (no cloak)
rCorr   .          Rampage  .    (no gloves)
Will    .....                    k - +0 pair of boots Stlth
                                 (no amulet)
HPRegen 0.26/turn                (no ring)
MPRegen 0.09/turn                (no ring)

@: mighty, lethally poisoned (-9 -> -13)
A: no striking features
a: no special abilities


You were on level 3 of the Dungeon.
You visited 1 branch of the dungeon, and saw 3 of its levels.

You collected 109 gold pieces.

Inventory:

Hand Weapons
 a - a +0 war axe (weapon)
Missiles
 r - 2 stones (quivered)
Armour
 b - a +0 scale mail (worn)
 c - a +0 buckler (worn)
 i - a +0 ring mail of cold resistance
 k - a +0 pair of boots (worn)
Potions
 e - a potion of berserk rage {unknown}
 f - a potion of brilliance {unknown}
 g - 2 potions of attraction {unknown}
 h - a potion of resistance {unknown}
 j - 3 potions of mutation
 m - a potion of curing {unknown}
 s - a potion of degeneration {unknown}


   Skills:
 + Level 4.0 Fighting
 + Level 4.2 Axes
 + Level 4.1 Armour
 + Level 3.7 Shields


You had 3 spell levels left.
You didn't know any spells.
Your spell library contained the following spells:

 Spells                   Type           Power      Damage    Failure   Level
 Ensorcelled Hibernation  Hex/Ice        0%         N/A       94%         2
 Passwall                 Tmut/Erth      0%         N/A       94%         2
 Swiftness                Air            0%         N/A       99%         3


Dungeon Overview and Level Annotations

Branches:
Dungeon (3/15)

Altars:
Kikubaaqudgha


Message History

Things that are here:
a throwing net; a ball python corpse A rat comes into view.
Found a short sword.
The giant cockroach completely misses you.
You block the giant cockroach's attack.
The giant cockroach attacks as you move away!
The giant cockroach misses you.
The gnoll throws a throwing net.
The throwing net hits you.
You become entangled in the net!
The giant cockroach waves its antennae.
You see here a throwing net.
You tear a large gash into the net.
The gnoll hits you from afar with a +0 halberd.
The gnoll hits you from afar with a +0 halberd!
The giant cockroach bites you.
You shred the net and break free! You block the gnoll's attack. x2
The gnoll hits you but does no damage.
The giant cockroach bites you but does no damage.
You hit the rat but do no damage. You completely miss the adder.
You closely miss the giant cockroach. You closely miss the gnoll.
The adder bites you.
You are poisoned.
The adder poisons you! The giant cockroach bites you.
The rat bites you but does no damage.
The gnoll hits you from afar with a +0 halberd.
The gnoll barely misses you.
The gnoll throws a throwing net.
You block the throwing net. The adder bites you but does no damage.
You block the giant cockroach's attack. The rat bites you but does no damage.
The gnoll hits you from afar with a +0 halberd!
The endoplasm closely misses you.
The gnoll hits you from afar with a +0 halberd!
* * * LOW HITPOINT WARNING * * *
The gnoll barely misses you. The gnoll closely misses you.
You feel very mighty all of a sudden.
* * * LOW HITPOINT WARNING * * *
You feel sick. The adder bites you but does no damage.
The giant cockroach bites you but does no damage.
You block the endoplasm's attack.
The gnoll hits you from afar with a +0 halberd!
You die...

*,* *****,,,,* *,* #........*
**+** #).......****** *,,,*
#....?...,,,,,* *,,,*
#........,,,,,* *,,,*
#....<...,,,,,*
*,,,############.gg.....,,,,,*
*,,,#..........SgJ......,,,,,*
**+**,#.......(B@g?....#***,,*
*,**,#.....####r#...#..****,*
*,**,#.....# #.#.....#..,*,*
*,**,#.##### #.#...#)..***,*
*,**,#.# #.#......,*,*,*
*,**,#.# #.#......,,,,,*
*,**,#.# #.#....,.******
*,**,#.#******#.#...#***
*,**,#.#,,,,,,,,#...#


You could see 4 gnolls, an adder, an endoplasm, a giant cockroach and a rat.

Vanquished Creatures
  3 adders
  4 worms
  5 dart slugs
  2 endoplasms (D:1)
  A giant cockroach (D:1)
  A goblin (D:1)
  2 jackals (D:2)
  A quokka (D:2)
  3 ball pythons
  3 bats
  5 kobolds
  5 rats (D:1)
35 creatures vanquished.

Vanquished Creatures (others)
  A human (D:3)
1 creature vanquished.

Grand Total: 36 creatures vanquished

Notes
Turn   | Place    | Note
-------+----------+-------------------------------------------
     0 | D:1      | pascalblue the Hill Orc Fighter began the quest for the
                  | Orb.
     0 | D:1      | Reached XP level 1. HP: 19/19 MP: 1/1
   271 | D:1      | Reached XP level 2. HP: 25/27 MP: 2/2
   953 | D:2      | Reached XP level 3. HP: 32/33 MP: 3/3
  1650 | D:3      | Reached XP level 4. HP: 37/40 MP: 4/4
  1753 | D:3      | Found an ancient bone altar of Kikubaaqudgha.
  1754 | D:3      | Noticed a human
  1756 | D:3      | Killed a human
  1913 | D:3      | Mangled by a gnoll

Illustrated notes

Levels and vault maps discovered:
D:1:      eino_arrival_water_star, layout_loops_ring
D:2:      layout_basic, hangedman_decor_points
D:3:      layout_basic, tgw_kikubaaqudgha, minmay_misc_feat_square

Skill      XL: |  1  2  3 |
---------------+----------+-----
Axes           | 3 4 |  4.2
Fighting       | 4 |  4.0
Armour         | 4 |  4.1
Shields        | |  3.7

Action                     |  1- 3 |  4- 6 || total
---------------------------+-------+-------++-------
  Melee: War axe           |    81 |     9 ||    90
    Use: Scroll            |       |     6 ||     6
         Potion            |       |     1 ||     1
 Armour: Scale mail        |    30 |     8 ||    38
  Dodge: Dodged            |    38 |    15 ||    53
  Block: Buckler           |    18 |     6 ||    24

Table legend: (Time is in decaauts)
 A = Elapsed time spent in this place.
 B = Non-inter-level travel time spent in this place.
 C = Inter-level travel time spent in this place.
 D = Time resting spent in this place.
 E = Time spent auto-exploring this place.
 F = Levels seen in this place.
 G = Mean time per level.
                   A        B        C        D        E       F      G
               +--------+--------+--------+--------+--------+-----+--------+
         Total |   1949 |   1846 |    103 |     83 |   1367 |   3 |  649.7 |
       Dungeon |   1949 |   1846 |    103 |     83 |   1367 |   3 |  649.7 |
               +--------+--------+--------+--------+--------+-----+--------+

Top non-repeatable levels by time:
     D:2: 896 daAuts
     D:1: 760 daAuts
     D:3: 291 daAuts
